 Dungeon Crawl Stone Soup version 0.28-a0-249-g9004c80361 (webtiles) character file.

Game seed: 18050722124525413157

3533 Ijustatesigmund the Basher (level 10, -1/65 HPs)
             Began as a Gargoyle Fighter on Aug 26, 2021.
             Was a Believer of Cheibriados.
             Slain by Erica (9 damage)
             ... on level 7 of the Dungeon.
             The game lasted 00:14:13 (8048 turns).

Ijustatesigmund the Basher (Gargoyle Fighter)       Turns: 8048, Time: 00:14:14

Health: -1/65      AC: 18    Str: 25    XL:     10   Next: 8%
Magic:  14/14      EV:  7    Int: 15    God:    Cheibriados [**....]
Gold:   211        SH: 14    Dex: 16    Spells: 9/9 levels left

rFire   . . .      SeeInvis .   a - +2 flail (protect)
rCold   . . .      Faith    .   c - +0 kite shield
rNeg    + . .      Spirit   .   b - +0 scale mail
rPois   ∞          Reflect  +   r - +0 helmet
rElec   +          Harm     .   h - +1 cloak
rCorr   .          Rampage  .   (no gloves)
Will    .....                   (no boots)
Stlth   ..........              f - amulet of reflection
HPRegen 0.20/turn               (no ring)
MPRegen 0.14/turn               (no ring)

@: slowed, very slow
A: sickness immunity, AC +7, negative energy resistance 1, electricity
resistance, torment resistance 1, petrification resistance
a: Renounce Religion, Bend Time


You were on level 7 of the Dungeon.
You worshipped Cheibriados.
Cheibriados was pleased with you.
You visited 1 branch of the dungeon, and saw 8 of its levels.

You collected 386 gold pieces.
You spent 175 gold pieces at shops.

Inventory:

Hand Weapons
 a - a +2 flail of protection (weapon)
Armour
 b - a +0 scale mail (worn)
 c - a +0 kite shield (worn)
 h - a +1 cloak (worn)
 r - a +0 helmet (worn)
Jewellery
 e - a ring of magical power
 f - an amulet of reflection (around neck)
 j - a ring of wizardry
Wands
 n - a wand of flame (14)
 o - a wand of acid (7)
Scrolls
 d - 2 scrolls of teleportation
 i - a scroll of fog
 p - a scroll of summoning
 q - 2 scrolls of identify
 s - a scroll of silence {unknown}
 t - a scroll of enchant weapon {unknown}
Potions
 g - a potion of ambrosia
 k - 2 potions of mutation
 l - 4 potions of curing
 m - a potion of lignification


   Skills:
 + Level 8.8 Fighting
 + Level 8.8 Maces & Flails
 + Level 7.6 Armour
 - Level 3.2 Shields
 + Level 6.1 Invocations


You had 9 spell levels left.
You didn't know any spells.
Your spell library contained the following spells:

 Spells                   Type           Power      Damage    Failure   Level
 Summon Small Mammal      Summ           0%         N/A       95%         1
 Call Canine Familiar     Summ           0%         N/A       100%        3
 Gell's Gravitas          Tloc           0%         N/A       100%        3
 Summon Guardian Golem    Hex/Summ       0%         N/A       100%        3
 Teleport Other           Tloc           0%         N/A       100%        3
 Airstrike                Air            0%         N/A       100%        4
 Summon Lightning Spire   Summ/Air       0%         N/A       100%        4
 Lightning Bolt           Conj/Air       0%         1d11      100%        5
 Dispersal                Tloc           0%         N/A       100%        6
 Haunt                    Necr/Summ      0%         N/A       100%        7


Dungeon Overview and Level Annotations

Branches:
Dungeon (8/15)             Temple (0/1) D:5
   Lair: D:8-11

Altars:
Cheibriados
Nemelex Xobeh
Sif Muna

Shops:
D:3 [(:(

Annotations:
D:7 Erica
D:8 1 runed translucent door, Colgate's ghost, novice TrMo


Innate Abilities, Weirdness & Mutations

You are immune to sickness and miasma.
Your stone body is resilient. (AC +7)
You are immune to poison.
You resist negative energy. (rN+)
You are resistant to electric shocks. (rElec)
You are resistant to unholy torment.
You are immune to petrification.


Message History

You sock the orc!
You kill the orc!
Cheibriados appreciates the change of pace.
You block the orc's attack.
You feel as though you will be slow longer.
The orc hits you but does no damage.
You hit the orc.
The orc is almost dead.
You block the orc's attack. The orc closely misses you.
You closely miss the orc.
The orc is almost dead.
You block the orc's attack. x2; Something hits you!
Something burns you.
You are too injured to fight recklessly!
You are too injured to fight recklessly!
You are too injured to fight recklessly!
You are too injured to fight recklessly!
You are too injured to fight recklessly!
You are too injured to fight recklessly!
You are too injured to fight recklessly!
You are too injured to fight recklessly!
You are too injured to fight recklessly!
You are too injured to fight recklessly!
You are too injured to fight recklessly!
You are too injured to fight recklessly!
You are too injured to fight recklessly!
You are too injured to fight recklessly!
You hit the orc.
You kill the orc!
Cheibriados appreciates the change of pace.
Something hits you. Something burns you. Something hits you.
* * * LOW HITPOINT WARNING * * *
Something burns you.
* * * LOW HITPOINT WARNING * * *
You closely miss something. Something hits you but does no damage.
Something hits you.
* * * LOW HITPOINT WARNING * * *
Something burns you.
* * * LOW HITPOINT WARNING * * *
You miss something. Something hits you!
You die...

##### # #...#
##############.#)#
...............{@#
.##.#.#.########)#
.##.#...# #.#
..#.###.#### #.#
....##.....# #.#
...####.##.# #.#
........##.# #.#
.#.####.##.#####.#
.#.# #.##.......#


There were no monsters in sight!

Vanquished Creatures
  Pikel (D:8)
  Prince Ribbit (D:6)
  Sigmund (D:6)
  A wyvern (D:7)
  Edmund (D:5)
  A water moccasin (D:7)
  An orc warrior (D:7)
  Duvessa (D:6)
  An ice beast (D:6)
  A black bear (D:4)
  2 ogres
  2 centaurs
  2 lemures (D:8)
  A phantom (D:4)
  A kobold brigand (D:7)
  A bullfrog (D:6)
  A scorpion (D:5)
  Dowan (D:6)
  A howler monkey (D:4)
  7 wights
  A bullfrog zombie (D:6)
  3 centaur zombies
  A jelly (D:6)
  3 orc priests
  2 bullfrog skeletons
  2 centaur skeletons
  6 hounds
  4 iguanas
  4 orc wizards
  A scorpion zombie (D:5)
  3 hound skeletons (D:4)
  A howler monkey zombie (D:6)
  6 adders
  A white imp (D:7)
  2 ufetubi
  3 worms
  2 dart slugs (D:1)
  20 orcs
  13 endoplasms
  2 giant cockroaches
  12 hobgoblins
  5 jackals
  6 quokkas
  4 ball pythons
  9 bats
  3 frilled lizards
  4 goblins
  15 kobolds
  3 rats (D:2)
170 creatures vanquished.

Vanquished Creatures (others)
  26 plants (D:2)
  5 toadstools (D:1)
31 creatures vanquished.

Grand Total: 201 creatures vanquished

Notes
Turn   | Place    | Note
-------+----------+-------------------------------------------
     0 | D:1      | Ijustatesigmund the Gargoyle Fighter began the quest for
                  | the Orb.
     0 | D:1      | Reached XP level 1. HP: 14/14 MP: 1/1
   132 | D:1      | Reached XP level 2. HP: 19/19 MP: 2/2
   587 | D:1      | Found a faded altar of an unknown god.
   830 | D:2      | Reached XP level 3. HP: 24/24 MP: 3/3
  1639 | D:2      | Reached XP level 4. HP: 27/29 MP: 4/4
  2090 | D:3      | Found Nogun's Antique Weapon Boutique.
  2353 | D:3      | Found Roichezoe's Antique Weapon Shoppe.
  2428 | D:3      | Found Yrurekopn's Book Boutique.
  2617 | D:3      | Reached XP level 5. HP: 34/34 MP: 5/5
  2739 | D:3      | Reached skill level 5 in Maces & Flails
  2739 | D:3      | Reached XP level 6. HP: 4/40 MP: 6/6
  2739 | D:3      | HP: 2/40 [adder (2)]
  3230 | D:3      | Reached skill level 5 in Fighting
  3482 | D:3      | Found Pilie's Armour Emporium.
  3789 | D:4      | Reached XP level 7. HP: 39/44 MP: 7/7
  4206 | D:3      | Bought a runed flail for 175 gold pieces
  4683 | D:4      | Found a snail-covered altar of Cheibriados.
  4683 | D:4      | Found a shimmering blue altar of Sif Muna.
  4687 | D:4      | Became a worshipper of Cheibriados the Contemplative
  4840 | D:4      | Found a sparkling altar of Nemelex Xobeh.
  4893 | D:4      | Reached skill level 1 in Invocations
  4945 | D:5      | Entered Level 5 of the Dungeon
  4968 | D:5      | Reached XP level 8. HP: 52/52 MP: 7/9
  5393 | D:5      | Found a staircase to the Ecumenical Temple.
  5542 | D:5      | Got the Volume of the Entourage
  5683 | D:5      | Noticed Edmund
  5697 | D:5      | Killed Edmund
  5698 | D:5      | Reached skill level 5 in Armour
  5871 | D:6      | Reached * piety under Cheibriados
  5910 | D:6      | Noticed Sigmund
  5919 | D:6      | Killed Sigmund
  6019 | D:6      | Reached XP level 9. HP: 55/57 MP: 11/11
  6091 | D:6      | Noticed Prince Ribbit
  6096 | D:6      | Noticed Duvessa
  6096 | D:6      | Noticed Dowan
  6105 | D:6      | Killed Duvessa
  6110 | D:6      | Killed Dowan
  6135 | D:6      | Killed Prince Ribbit
  6727 | D:7      | Reached skill level 5 in Invocations
  7269 | D:7      | Reached ** piety under Cheibriados
  7525 | D:7      | You fall into a shaft and drop 1 floor!
  7792 | D:8      | Noticed Pikel
  7816 | D:8      | Killed Pikel
  7817 | D:8      | Reached XP level 10. HP: 48/65 MP: 14/14
  7991 | D:8      | Found a runed translucent door.
  7992 | D:8      | Noticed Colgate's ghost (novice TrMo)
  8032 | D:8      | Noticed Erica
  8048 | D:7      | Slain by Erica

Illustrated notes

Levels and vault maps discovered:
D:1:      ldierk_walled_garden, layout_rooms,
          shapermc_ecumenical_altar_notcrosses, corexii_hall_statues_t,
          minmay_3d_cube
D:2:      layout_loops_corners, serial_rivers, chequers_serial_rivers_room_b,
          chequers_serial_rivers_micro_b, chequers_serial_rivers_micro_c,
          chequers_serial_rivers_large_a, serial_bayou_lagoon_a,
          minmay_pentomino_t4
D:3:      minmay_wonky_spiral, layout_basic, serial_shops, shop,
          nicolae_shop_behind_doors, nicolae_shop_waterfront, shop
D:4:      layout_gridville, mainiacjoe_overflow_small_starburst,
          gammafunk_temple_overflow_wave
D:5:      layout_loops_corners, minmay_temple_entry_drinking_statues,
          uniq_edmund
D:6:      layout_cave_pools, uniq_duvessa, uniq_sigmund, uniq_prince_ribbit1
D:7:      layout_basic
D:8:      layout_gridville, old_standard_altar, trog_wizard, dpeg_oklobed_lair,
          hellmonk_ghost_happy_afterlife, minivault_25,
          kennysheep_generic_room_16, uniq_erica, uniq_pikel

Skill      XL: |  1  2  3  4  5  6  7  8  9 |
---------------+----------------------------+-----
Maces & Flails | 3 4 5 6 7 8 |  8.8
Fighting       | 4 5 6 7 8 |  8.8
Armour         | 4 5 7 |  7.6
Invocations    | 1 3 6 |  6.1
Shields        | |  3.2

Action                   |  1- 3 |  4- 6 |  7- 9 | 10-12 || total
-------------------------+-------+-------+-------+-------++-------
Melee: Flail             |   163 |   139 |   350 |     9 ||   661
Throw: Throwing net      |       |     1 |     1 |       ||     2
Evoke: Wand              |       |       |     6 |     1 ||     7
  Use: Scroll            |     4 |     6 |     5 |       ||    15
       Potion            |     1 |     3 |     1 |       ||     5
Armor: Scale mail        |    84 |    68 |   231 |    10 ||   393
       Skin              |       |       |     8 |     2 ||    10
Dodge: Dodged            |    47 |    37 |   101 |     5 ||   190
Block: Kite shield       |   103 |   100 |   322 |    19 ||   544
       Reflection        |       |     5 |     8 |     2 ||    15

Table legend: (Time is in decaauts)
 A = Elapsed time spent in this place.
 B = Non-inter-level travel time spent in this place.
 C = Inter-level travel time spent in this place.
 D = Time resting spent in this place.
 E = Time spent auto-exploring this place.
 F = Levels seen in this place.
 G = Mean time per level.
                   A        B        C        D        E       F      G
               +--------+--------+--------+--------+--------+-----+--------+
         Total |   9053 |   8772 |    281 |   1478 |   5607 |   8 | 1131.6 |
       Dungeon |   9053 |   8772 |    281 |   1478 |   5607 |   8 | 1131.6 |
               +--------+--------+--------+--------+--------+-----+--------+

Top non-repeatable levels by time:
     D:2: 1595 daAuts
     D:4: 1505 daAuts
     D:7: 1311 daAuts
     D:3: 1276 daAuts
     D:5: 1148 daAuts
     D:6: 1040 daAuts
     D:1: 835 daAuts
     D:8: 340 daAuts
